cohdb
Replays
Latest Replays
All Replays
Popular Replays
Top Player Replays
Match Explorer
How It Works
Community
CoH3 Stats
Reddit
Sign in to upload your games and track your stats! →
Sign in with Steam
Match 37410097
Unlisted
Match 37410097
Overview
Messages
Build Orders
End
Construct Barracks
Riflemen Squad
Riflemen Squad
Riflemen Squad
Engineer Squad
Infantry Support Center
Mortar Pit
.30 cal Machine Gun
Selects Advanced Infantry Battlegroup
Selects Convert to Ranger Squad
Selects Frontline Medical Station
Frontline Medical Station
Convert to Ranger Squad
Convert to Ranger Squad
M1 Mortar Team
M1 Mortar Team
Vladimir Ilyich Ulyanov
Franklin Delano Roosevelt
Cpt. Colter Stevens
Mad
Wehearvoices
R19
嫂子开门我是我哥
皮皮
0
0
Comments
sign in to comment!
No comments posted yet!